[Event "*** SCC Grand Prix: Titled Tuesday Blitz"]
[Site "Chess.com"]
[Date "2020.07.21"]
[Round "3"]
[White "maciejos95"]
[Black "Harsha_Bharathakoti"]
[Result "0-1"]
[WhiteElo "2488"]
[BlackElo "2760"]
[TimeControl "180+1"]
[EndTime "10:27:46 PDT"]
[Termination "Harsha_Bharathakoti won by resignation"]

1. e4 c5 2. c3 Nf6 3. e5 Nd5 4. d4 e6 5. Nf3 cxd4 6. cxd4 d6 7. Bc4 Bd7 8. Bxd5 exd5 9. Nc3 dxe5 10. Nxe5 Be6 11.
O-O Nd7 12. Bf4 Be7 13. Qf3 Nf6 14.
Rac1 O-O 15. Nb5 Qb6 16. Nc7 Rac8 17. Nxe6 Qxe6 18. Bg5 Ne4 19. Bxe7 Qxe7 20. Qg4 Rxc1 21. Rxc1 Qb4 22. Nxf7 Rxf7 23. Rc8+ Rf8 24. Qe6+ Kh8 25. Rxf8+ Qxf8 26. f3 Nf6 27. h3 Qe8 28. Qd6 h6 29. Qc7 Qe3+ 30. Kh2 Qxd4 31. Qxb7 Qf4+ 32. Kg1 d4 33.
Qxa7 d3 34. Qa8+ Kh7 35. Qd8 Qe3+ 36. Kf1 d2 0-1

[Event "*** SCC Grand Prix: Titled Tuesday Blitz"]
[Site "Chess.com"]
[Date "2020.07.21"]
[Round "3"]
[White "chessfrendz"]
[Black "TST2014"]
[Result "0-1"]
[WhiteElo "2249"]
[BlackElo "2516"]
[TimeControl "180+1"]
[EndTime "10:27:47 PDT"]
[Termination "TST2014 won on time"]

1. d4 Nf6 2. c4 c5 3. d5 b5 4. f3 g6 5. e4 d6 6. Nc3 b4 7. Nce2 Bg7 8. Be3 O-O 9. Qd2 Re8 10. g4 e6 11. dxe6 fxe6 12. Rd1 d5 13. cxd5 exd5 14. g5 Nxe4 15. fxe4 d4 16. Bf4 Bb7 17. Bg2 Bxe4 18.
Bxe4 Rxe4 19. Nh3 Nc6 20. Nf2 Re6 21. O-O Qe7 22. Ng3 Re8 23. Ng4 c4 24. Qg2 d3 25.
Qd5 c3 26. bxc3 Bxc3 27. Rxd3 Rd8 28. Qc4 Bd4+ 29. Kh1 Na5 30. Qb5 Nc6 31. Nh6+ Kg7 0-1

[Event "*** SCC Grand Prix: Titled Tuesday Blitz"]
[Site "Chess.com"]
[Date "2020.07.21"]
[Round "3"]
[White "MusicCityMaster"]
[Black "BocharovD"]
[Result "1-0"]
[WhiteElo "2451"]
[BlackElo "2735"]
[TimeControl "180+1"]
[EndTime "10:27:48 PDT"]
[Termination "MusicCityMaster won by resignation"]

1. e4 c5 2. Nf3 d6 3. d4 cxd4 4.
Nxd4 Nf6 5. Nc3 a6 6. Bc4 e6 7. Bb3 Nbd7 8. Qe2 Nc5 9. g4 e5 10. Nf5 g6 11. g5 gxf5 12. exf5 Bxf5 13. gxf6 Nxb3 14. axb3 Rc8 15. Rg1 Qxf6 16. Bg5 Qe6 17. O-O-O b5 18. Ne4 Bxe4 19. Qxe4 Be7 20. Bxe7 Kxe7 21.
Rg7 Rc7 22. Kb1 h5 23. f4 Rhc8 24. fxe5 Qxe5 25. Qh4+ Kf8 26. Rdg1 Qxg7 27. Rxg7 Kxg7 28. Qg5+ Kf8 29. Qh6+ Ke7 30. Qg5+ Ke6 31. Qh6+ f6 32. Qxh5 Rxc2 33. Qg4+ f5 34. Qg6+ Ke5 35. Qg7+ Ke4 36. Qe7+ Kf3 37. Qxd6 Re2 38. Qd3+ Kf4 39. Qxe2 1-0

[Event "*** SCC Grand Prix: Titled Tuesday Blitz"]
[Site "Chess.com"]
[Date "2020.07.21"]
[Round "3"]
[White "chesstrainer2042"]
[Black "Josip_buje"]
[Result "1-0"]
[WhiteElo "2466"]
[BlackElo "2283"]
[TimeControl "180+1"]
[EndTime "10:27:48 PDT"]
[Termination "chesstrainer2042 won by resignation"]

1. e4 Nf6 2. e5 Nd5 3. d4 d6 4.
Nf3 Bg4 5. Be2 e6 6. c4 Nb6 7. Nc3 Be7 8. h3 Bh5 9. O-O O-O 10. Be3 N8d7 11. exd6 cxd6 12. b3 h6 13. Rc1 Nf6 14.
Qd2 d5 15. c5 Nbd7 16. b4 a6 17. a4 Ne4 18. Qb2 f5 19. Rfe1 Bf6 20. Rcd1 Qe8 21. Na2 g5 22. Ne5 Bxe5 23. dxe5 f4 24. Bd4 Bxe2 25.
Qxe2 f3 26. gxf3 Qh5 27. fxe4 Qxh3 28. Rd3 Qh4 29. Kg2 dxe4 30. Qxe4 Rf4 31. Qg6+ Kf8 32. Rh3 Qg4+ 33. Rg3 Qf5 34. Qxh6+ Ke7 35. Be3 Qe4+ 36. Kg1 Rh4 37. Bxg5+ 1-0

[Event "*** SCC Grand Prix: Titled Tuesday Blitz"]
[Site "Chess.com"]
[Date "2020.07.21"]
[Round "3"]
[White "ExcitingTrap"]
[Black "r31415"]
[Result "0-1"]
[WhiteElo "2216"]
[BlackElo "2438"]
[TimeControl "180+1"]
[EndTime "10:27:49 PDT"]
[Termination "r31415 won by resignation"]

1. e4 e5 2. Nf3 Nc6 3. Bc4 Bc5 4. c3 Nf6 5. d3 d6 6. Nbd2 O-O 7. h3 a5 8. Bb3 Be6 9. Nf1 Bxb3 10. axb3 d5 11. Qe2 dxe4 12. dxe4 Nh5 13. Ng3 Nxg3 14. fxg3 Qf6 15.
Be3 Bxe3 16. Qxe3 Qg6 17. Nh4 Qe6 18. O-O Qxb3 19. Nf5 f6 20. Rf2 Rad8 21. Qf3 Rd7 22. Qg4 Rfd8 23. Kh2 Kh8 24. h4 b6 25. h5 Qe6 26.
Rd1 Qf7 27. Rh1 Ne7 28. Nh4 Ng8 29. Qf3 Rd3 30. Qe2 Nh6 31. g4 Re3 32. Qc2 Nxg4+ 33. Kg1 Re1+ 34. Rf1 Rxf1+ 35. Kxf1 Ne3+ 36. Ke2 Nxc2 37. Ng6+ Kg8 0-1

[Event "*** SCC Grand Prix: Titled Tuesday Blitz"]
[Site "Chess.com"]
[Date "2020.07.21"]
[Round "3"]
[White "ftorodent"]
[Black "Andreikka"]
[Result "1-0"]
[WhiteElo "2646"]
[BlackElo "2895"]
[TimeControl "180+1"]
[EndTime "10:27:50 PDT"]
[Termination "ftorodent won by resignation"]

1. d4 Nf6 2. c4 e6 3. Nf3 d5 4.
Nc3 Nbd7 5. Bg5 Be7 6. e3 h6 7. Bh4 O-O 8. Bd3 c5 9. cxd5 Nxd5 10. Bxe7 Nxe7 11. O-O cxd4 12. Nxd4 Nc5 13. Be2 Bd7 14. b4 Na6 15. Qb3 Rc8 16. Rac1 Qb6 17. a3 Rfd8 18. Bf3 e5 19. Nde2 Nc5 20. Qb1 Ne6 21. Ng3 Ng5 22. Be2 f5 23. Rfd1 Be6 24. Na4 Rxd1+ 25.
Rxd1 Qc6 26. Nc5 b6 27. Nxe6 Qxe6 28. Rc1 f4 29. Nf1 Kh8 30. h4 Rxc1 31. Qxc1 Ne4 32. exf4 exf4 33. Qxf4 Nd5 34. Qf8+ Kh7 35. Bd3 Qe5 36.
Ng3 Nf6 37. Nxe4 Nxe4 38. Qf3 Qa1+ 39. Kh2 Qe5+ 40. g3 1-0

[Event "*** SCC Grand Prix: Titled Tuesday Blitz"]
[Site "Chess.com"]
[Date "2020.07.21"]
[Round "3"]
[White "londonkid"]
[Black "csati17"]
[Result "1-0"]
[WhiteElo "2419"]
[BlackElo "2617"]
[TimeControl "180+1"]
[EndTime "10:27:50 PDT"]
[Termination "londonkid won by checkmate"]

1. d4 Nf6 2. c4 e6 3. Nf3 Bb4+ 4. Nbd2 a5 5. g3 b6 6. Bg2 Bb7 7. O-O O-O 8. a3 Bxd2 9. Qxd2 d6 10. b3 Nbd7 11.
Bb2 Qe7 12. Rfe1 e5 13. dxe5 dxe5 14. Rad1 Rad8 15. Qe3 Ng4 16. Qc3 f6 17. h3 Nh6 18.
b4 axb4 19. axb4 Nf5 20. e4 Nd6 21. Nd2 c5 22. Nb3 Qe6 23. bxc5 Nxc5 24. Nxc5 bxc5 25. Rc1 Rc8 26. Ba3 Ba6 27. Bf1 Rc6 28. Qa5 Rfc8 29. Red1 Nxc4 30. Bxc4 Bxc4 31. Rd8+ Rxd8 32.
Qxd8+ Kf7 33. Rxc4 Rd6 34. Qc7+ Kg6 35. Qxc5 Rd3 36.
Rc3 Rd4 37. Qc8 Qa2 38. Qf5+ Kh6 39. Bc1+ Rd2 40. Bxd2+ Qxd2 41. Rf3 Qd1+ 42. Kg2 Qd2 43. g4 Qc1 44. Qh5# 1-0

[Event "*** SCC Grand Prix: Titled Tuesday Blitz"]
[Site "Chess.com"]
[Date "2020.07.21"]
[Round "3"]
[White "MomchilPetkov"]
[Black "Kolle05"]
[Result "1-0"]
[WhiteElo "2591"]
[BlackElo "2367"]
[TimeControl "180+1"]
[EndTime "10:27:50 PDT"]
[Termination "MomchilPetkov won on time"]

1. d4 Nf6 2. c4 g6 3. Nc3 Bg7 4. e4 d6 5. h3 O-O 6. Be3 e5 7. d5 c6 8. g4 Nfd7 9. Nge2 a5 10. Ng3 Qc7 11. h4 Na6 12. h5 Ndc5 13. Be2 f6 14.
hxg6 hxg6 15. Kf1 Kf7 16. Kg2 Bd7 17. g5 Rh8 18. gxf6 Bxf6 19. Qd2 Rag8 20. Bh6 Qd8 21. dxc6 Bxc6 22. Nd5 Nc7 23. Raf1 Bxd5 24. cxd5 Qe7 25. Bg4 Qd8 26. f4 exf4 27. Rxf4 g5 28. Rf2 Kg6 29.
Bh5+ Kh7 30. Bf7 1-0

[Event "*** SCC Grand Prix: Titled Tuesday Blitz"]
[Site "Chess.com"]
[Date "2020.07.21"]
[Round "3"]
[White "TudorAnton"]
[Black "ExtremeLearner"]
[Result "1-0"]
[WhiteElo "2520"]
[BlackElo "2267"]
[TimeControl "180+1"]
[EndTime "10:27:50 PDT"]
[Termination "TudorAnton won by resignation"]

1. d4 Nf6 2. Nc3 d5 3. Bg5 e6 4. Nf3 Bb4 5. e3 O-O 6. Bd3 Nbd7 7. O-O h6 8. Bh4 Be7 9. Re1 c5 10. Bf1 b6 11. Bg3 Bb7 12. Nb5 Ne4 13. a4 a6 14.
Na3 Rc8 15. c3 f5 16. Be5 Nxe5 17. Nxe5 Bf6 18. f3 Bxe5 19. fxe4 Bc7 20. e5 Kh8 21.
g3 Rg8 22. Qh5 Bc6 23. Bxa6 Be8 24. Qh3 Ra8 25. Bb5 Qg5 26. Bxe8 Raxe8 27. Nb5 Bd8 28. Nd6 Ref8 29. a5 bxa5 30. dxc5 f4 31. Rf1 f3 32.
Rae1 Qg6 33. g4 f2+ 34. Rxf2 Rxf2 35. Kxf2 Rf8+ 36. Kg1 Qc2 37. Rf1 Rxf1+ 38. Qxf1 Bh4 39. c6 Kh7 40. c7 Bg5 41. c8=Q Bxe3+ 42. Kh1 Bf4 43.
Qxf4 Qd1+ 44. Kg2 Qe2+ 45. Kh3 Qd3+ 46. Kg2 Qe2+ 47. Kg1 Qe1+ 48. Qf1 Qe3+ 49. Qf2 Qc1+ 50. Kg2 Qg5 51. Qh8+ Kxh8 52. Nf7+ Kh7 53. Nxg5+ hxg5 54. Qc2+ 1-0

[Event "*** SCC Grand Prix: Titled Tuesday Blitz"]
[Site "Chess.com"]
[Date "2020.07.21"]
[Round "3"]
[White "chargemax23"]
[Black "PawnEatingZombie"]
[Result "1-0"]
[WhiteElo "2616"]
[BlackElo "2238"]
[TimeControl "180+1"]
[EndTime "10:27:50 PDT"]
[Termination "chargemax23 won on time"]

1. e4 c6 2. Nc3 d5 3. Nf3 dxe4 4. Nxe4 Nf6 5. Nc3 Bf5 6. d4 e6 7. a3 Bd6 8. h3 Nbd7 9. Bc4 Qc7 10. Qe2 O-O 11. O-O h6 12. Re1 Rfe8 13. Ne5 a6 14. b4 Nb6 15. Bb3 Nbd5 16. Bb2 b6 17. Qf3 Bh7 18. Rad1 Rad8 19. Nb1 b5 20. Nd2 a5 21.
bxa5 Ra8 22. c4 bxc4 23. Ndxc4 Reb8 24. Bc1 Bf8 25. Ba4 c5 26. Nc6 Rb1 27. Bb2 Rxd1 28. Rxd1 cxd4 29. Bxd4 Ne4 30. Qb3 Nc5 31. Bxc5 Bxc5 32.
Qb5 Ba7 33. N4e5 f6 34. Nf3 Qg3 35. Qb2 Qd6 36. Nxa7 Rxa7 37. Qb5 1-0

[Event "*** SCC Grand Prix: Titled Tuesday Blitz"]
[Site "Chess.com"]
[Date "2020.07.21"]
[Round "3"]
[White "Vladislav_Chizhikov"]
[Black "AungTZ"]
[Result "1-0"]
[WhiteElo "2462"]
[BlackElo "2026"]
[TimeControl "180+1"]
[EndTime "10:27:51 PDT"]
[Termination "Vladislav_Chizhikov won on time"]

1. e4 c5 2. Nf3 Nc6 3. b3 d6 4. Bb2 e5 5. Bb5 f5 6. d3 Nf6 7.
Nbd2 fxe4 8. dxe4 Be7 9. Bc4 Na5 10. Bd3 O-O 11. Qe2 Nc6 12. O-O-O Nd4 13. Nxd4 cxd4 14. Kb1 Kh8 15. h3 a6 16. Nf1 b5 17. g4 b4 18. Ng3 a5 19. Nf5 a4 20. Bc4 axb3 21. axb3 Bxf5 22. gxf5 Ra7 23. Rhg1 Qa5 24. f4 Bd8 25. Rg2 Bb6 26. Rdg1 Qa2+ 27. Kc1 exf4 28. e5 d3 29. Qxd3 Be3+ 30. Rd2 dxe5 31. Qd6 Raa8 32. Rxg7 Kxg7 33. Qe7+ Kh6 34. Bxe5 Qa3+ 35. Kd1 1-0

[Event "*** SCC Grand Prix: Titled Tuesday Blitz"]
[Site "Chess.com"]
[Date "2020.07.21"]
[Round "3"]
[White "SARGISMV"]
[Black "Zkid"]
[Result "0-1"]
[WhiteElo "2512"]
[BlackElo "2797"]
[TimeControl "180+1"]
[EndTime "10:27:52 PDT"]
[Termination "Zkid won on time"]

1. d4 d5 2. c4 dxc4 3. e3 Nf6 4. Bxc4 e6 5. Nf3 c5 6. O-O Nc6 7. Qe2 a6 8. Rd1 b5 9. dxc5 Qc7 10. Bd3 Nb4 11.
Nc3 Nxd3 12. Qxd3 Bxc5 13. e4 Bb7 14. Be3 Bxe3 15. Qxe3 O-O 16. Rac1 Qe7 17. e5 Nd5 18. Nxd5 Bxd5 19. a3 Qb7 20. Rc3 Rac8 21. Rdc1 h6 22.
b4 Rxc3 23. Rxc3 Rc8 24. Ne1 Bc4 25. Nf3 Rd8 26. h4 Rd1+ 27. Kh2 Qd5 28. Qf4 Rd3 29.
Rxd3 Qxd3 30. Qd4 Qxa3 31. Qd8+ Kh7 32. Qf8 Bd5 33. Qxf7 Qxb4 34. h5 Qg4 35. Ne1 b4 36.
f3 Qh4+ 37. Kg1 Qxe1+ 38. Kh2 Qxe5+ 39. f4 Qf5 40. Qe7 Qg4 41. g3 Qf3 0-1

[Event "*** SCC Grand Prix: Titled Tuesday Blitz"]
[Site "Chess.com"]
[Date "2020.07.21"]
[Round "3"]
[White "Aemulus20"]
[Black "Grischuk"]
[Result "0-1"]
[WhiteElo "2632"]
[BlackElo "3039"]
[TimeControl "180+1"]
[EndTime "10:27:52 PDT"]
[Termination "Grischuk won by resignation"]

1. e4 c5 2. Nc3 d6 3. f4 g6 4. Nf3 Bg7 5. Bc4 Nc6 6. f5 gxf5 7.
O-O Nf6 8. d3 fxe4 9. dxe4 Bg4 10. h3 Bxf3 11. Qxf3 Ne5 12. Bb5+ Kf8 13. Qg3 c4 14. b3 Rc8 15. Bf4 Nh5 16. Qe1 Nxf4 17. Rxf4 cxb3 18. cxb3 Qb6+ 19. Kh1 Rxc3 20. Qxc3 Qxb5 21.
Qc8+ Qe8 22. Rc1 Bh6 23. Qxb7 Kg7 24. g3 Rg8 25. Rg1 Kh8 26. Rf2 Be3 27. Rgf1 Bxf2 28.
Rxf2 Rxg3 29. Rc2 Rg8 30. Rc7 Qf8 31. Qb5 Qh6 32. Qf1 Qe3 33. Rxe7 Qf3+ 34. Qxf3 Nxf3 0-1

[Event "*** SCC Grand Prix: Titled Tuesday Blitz"]
[Site "Chess.com"]
[Date "2020.07.21"]
[Round "3"]
[White "Roza_Idrisova"]
[Black "capatl"]
[Result "0-1"]
[WhiteElo "2247"]
[BlackElo "2408"]
[TimeControl "180+1"]
[EndTime "10:27:52 PDT"]
[Termination "capatl won on time"]

1. d4 d5 2. Nf3 e6 3. Bg5 Nf6 4. Nbd2 Nbd7 5. e3 Be7 6. Bd3 O-O 7.
O-O c5 8. c3 Qc7 9. h3 Re8 10.
Re1 b6 11. Rc1 Bb7 12. Bb1 Rac8 13. Bf4 Bd6 14. Bxd6 Qxd6 15. dxc5 Nxc5 16. c4 Red8 17. cxd5 Qxd5 18. Nb3 Na4 19. Qe2 Qh5 20. Nbd4 e5 21.
Nf5 Rxc1 22. Rxc1 Bxf3 23. gxf3 e4 24. b3 exf3 25. Qf1 Nc5 26. Kh2 Nce4 27. Bxe4 Nxe4 28.
Nd4 Qe5+ 29. Kh1 Qf6 30. Qg1 h6 31. Rc2 Rxd4 32. exd4 Qf5 33. Qg4 Ng3+ 34. fxg3 Qxc2 35. Qxf3 Qxa2 0-1

[Event "*** SCC Grand Prix: Titled Tuesday Blitz"]
[Site "Chess.com"]
[Date "2020.07.21"]
[Round "3"]
[White "j2806"]
[Black "AniJak"]
[Result "1-0"]
[WhiteElo "2052"]
[BlackElo "2295"]
[TimeControl "180+1"]
[EndTime "10:27:52 PDT"]
[Termination "j2806 won by resignation"]

1. e4 c6 2. d4 d5 3. exd5 cxd5 4. Bd3 Nc6 5. c3 Nf6 6. Bf4 Bg4 7. Nf3 e6 8. Nbd2 Bd6 9. Bxd6 Qxd6 10. O-O O-O 11. Qe1 Bxf3 12. Nxf3 a6 13. h3 b5 14. b4 Rfc8 15. Nd2 Ne7 16. Nb3 Nd7 17. Nc5 Nxc5 18.
bxc5 Qf4 19. a4 b4 20. Qe3 Qxe3 21. fxe3 bxc3 22. Rfc1 Nc6 23. Rxc3 a5 24. Bb5 Nb4 25. Kf2 Rc7 26. Kf3 f6 27. e4 Kf7 28. Kf4 dxe4 29. Kxe4 Rd8 30. Rc4 Rd5 31. Rb1 Rc8 32. Rbxb4 axb4 33.
Rxb4 f5+ 34. Ke3 g5 35. g3 e5 36. c6 exd4+ 37. Rxd4 Rxd4 38. Kxd4 Ke6 39. a5 Kd6 40. a6 Ra8 41. Bd3 h6 42. Bxf5 Rxa6 43. Be4 Ra4+ 44. Ke3 Ke5 45. Bd3 Kd5 46. c7 Ra8 47.
Bf5 Kd6 48. c8=Q Rxc8 49. Bxc8 Ke5 50. Ba6 h5 51. g4 hxg4 52. hxg4 Kd5 53. Bd3 Ke5 54.
Bf5 Kd5 55. Kd3 Ke5 56. Kc4 Kf4 57. Kc5 Ke5 58. Kc6 Kf6 59. Kd7 Ke5 60. Ke7 Kf4 61. Kf6 1-0

[Event "*** SCC Grand Prix: Titled Tuesday Blitz"]
[Site "Chess.com"]
[Date "2020.07.21"]
[Round "3"]
[White "Emp3rador"]
[Black "MVM2008"]
[Result "0-1"]
[WhiteElo "2464"]
[BlackElo "2184"]
[TimeControl "180+1"]
[EndTime "10:27:53 PDT"]
[Termination "MVM2008 won by checkmate"]

1. e4 e5 2. Nf3 Nc6 3. d4 exd4 4. Nxd4 Nf6 5. Nc3 Bb4 6. Nxc6 bxc6 7. Bd3 O-O 8. O-O d5 9. exd5 cxd5 10. Bg5 Be7 11. h3 Be6 12. Ne2 Rb8 13. b3 c5 14. Nf4 h6 15. Nxe6 fxe6 16. Bf4 Bd6 17. Be3 e5 18. Re1 e4 19. Bf1 Qe7 20. Qc1 d4 21. Bf4 Rbe8 22. a4 Nh7 23. Rxe4 Qxe4 24. Bxd6 Rf6 25. Bxc5 Ng5 26. Bd3 Nxh3+ 27. Kh2 Qe5+ 28. Kxh3 Qxc5 29. Qd2 Qh5+ 30. Kg3 Re5 31. f3 Rg5+ 32. Kf2 Qh2 33. Rg1 Qg3+ 34. Kf1 Rxf3+ 35. gxf3 Qxg1+ 36. Ke2 Rg2# 0-1

[Event "*** SCC Grand Prix: Titled Tuesday Blitz"]
[Site "Chess.com"]
[Date "2020.07.21"]
[Round "3"]
[White "Joshukid"]
[Black "LawrenceTrent"]
[Result "0-1"]
[WhiteElo "2737"]
[BlackElo "2535"]
[TimeControl "180+1"]
[EndTime "10:27:54 PDT"]
[Termination "LawrenceTrent won by resignation"]

1. Nf3 c5 2. c4 Nc6 3. b3 e5 4. Bb2 d6 5. e3 f5 6. d4 e4 7. Nfd2 Nf6 8. Be2 g6 9. d5 Ne5 10. Bxe5 dxe5 11. Nc3 Bd6 12. Qc2 a6 13. a3 Bd7 14. Rb1 Qe7 15. Qb2 O-O 16. h4 h5 17.
f3 exf3 18. gxf3 Kh7 19. Nd1 b5 20. Nf2 Rab8 21. Qc2 e4 22. f4 Bxf4 23. exf4 e3 24. Nf3 exf2+ 25. Kf1 Ng4 26. Ng5+ Qxg5 27. hxg5 Ne3+ 28.
Kxf2 Nxc2 29. cxb5 axb5 30. Rbc1 Nxa3 31. Rxc5 Rfc8 32. b4 Nc2 33. Rc1 Nxb4 34. Rc7 Rd8 35. Ra7 Nxd5 36. Rd1 Nxf4 37. Rdxd7+ Rxd7 38. Rxd7+ Kh8 39. Bd1 Ne6 40. Rd6 Nf8 41. Bb3 b4 42. Kg3 Rb7 43.
Kf4 Kg7 44. Rd8 Rd7 45. Rb8 Rd4+ 46. Ke3 Re4+ 47. Kf3 Ne6 48. Rb7+ Kf8 49. Rb6 Nd4+ 50. Kf2 Nxb3 0-1

[Event "*** SCC Grand Prix: Titled Tuesday Blitz"]
[Site "Chess.com"]
[Date "2020.07.21"]
[Round "3"]
[White "RaphCamora"]
[Black "evgchess5"]
[Result "1-0"]
[WhiteElo "2458"]
[BlackElo "2789"]
[TimeControl "180+1"]
[EndTime "10:27:54 PDT"]
[Termination "RaphCamora won on time"]

1. Nf3 c5 2. g3 Nc6 3. Bg2 g6 4. O-O Bg7 5. c4 e6 6. e3 Nge7 7. Nc3 O-O 8. d4 d6 9. dxc5 dxc5 10. Ne4 b6 11. Qe2 Qc7 12. Rd1 Rd8 13. Bd2 Bxb2 14. Rab1 Bg7 15. Bc3 Bxc3 16. Nxc3 Bb7 17. Nb5 Qb8 18.
Rxd8+ Qxd8 19. Rd1 Qf8 20. Nd6 Ba6 21. Ng5 Rd8 22.
Ngxf7 Rd7 23. Ng5 Qf6 24. f4 e5 25. Nde4 Rxd1+ 26. Qxd1 Qf8 27. Nd6 exf4 28. Bd5+ Kg7 29. Qa1+ Nd4 30. exd4 Nxd5 31. Ne6+ 1-0

[Event "*** SCC Grand Prix: Titled Tuesday Blitz"]
[Site "Chess.com"]
[Date "2020.07.21"]
[Round "3"]
[White "chessdjw"]
[Black "markberk"]
[Result "0-1"]
[WhiteElo "2667"]
[BlackElo "2347"]
[TimeControl "180+1"]
[EndTime "10:27:54 PDT"]
[Termination "markberk won on time"]

1. c4 e5 2. g3 Nf6 3. Bg2 c6 4. Nf3 e4 5. Nd4 d5 6. cxd5 Qxd5 7. Nc2 Bc5 8. Nc3 Qh5 9. Nxe4 Nxe4 10. Bxe4 Bh3 11. d4 Be7 12. Qd3 O-O 13. Bf4 Na6 14.
O-O-O Qa5 15. Bxh7+ Kh8 16. Be4 Qxa2 17. Qf3 f5 18.
Qh5+ Kg8 19. Bf3 Nb4 20. Qxh3 Qc4 21. Rd2 a5 22. g4 a4 23. g5 a3 24. b3 Qxb3 25.
Nxb4 Bxb4 26. Bd5+ Qxd5 27. g6 Bxd2+ 28. Kd1 Rfd8 29. Qh7+ Kf8 30. Qh8+ Qg8 0-1

[Event "*** SCC Grand Prix: Titled Tuesday Blitz"]
[Site "Chess.com"]
[Date "2020.07.21"]
[Round "3"]
[White "ZverevLev"]
[Black "Klavdia_Nik"]
[Result "1-0"]
[WhiteElo "2315"]
[BlackElo "2032"]
[TimeControl "180+1"]
[EndTime "10:27:54 PDT"]
[Termination "ZverevLev won on time"]

1. g3 Nf6 2. Bg2 g6 3. c4 Bg7 4. Nc3 O-O 5. d4 c5 6. d5 d6 7. e4 h6 8. h3 Kh7 9. Nf3 b5 10. cxb5 a6 11. bxa6 Bxa6 12. Be3 Nbd7 13. Qd2 Qa5 14.
g4 Ng8 15. h4 Rfb8 16. O-O-O Nb6 17. Ng5+ Kh8 18. Nxf7+ Kh7 19. Ng5+ Kh8 20. Nf7+ Kh7 21. h5 Nc4 22. Ng5+ Kh8 23. hxg6 Nf6 24. Rxh6+ Kg8 25.
Rh7 Rxb2 26. Ne6 Ne8 27. Rdh1 1-0

[Event "*** SCC Grand Prix: Titled Tuesday Blitz"]
[Site "Chess.com"]
[Date "2020.07.21"]
[Round "3"]
[White "jerry_77"]
[Black "Kezin_Roman"]
[Result "0-1"]
[WhiteElo "2364"]
[BlackElo "2728"]
[TimeControl "180+1"]
[EndTime "10:27:55 PDT"]
[Termination "Kezin_Roman won on time"]

1. e4 c5 2. Nf3 e6 3. d4 cxd4 4.
Nxd4 Nc6 5. Nc3 Qc7 6. Be3 a6 7.
Qd2 Nf6 8. f4 Bb4 9. Bd3 Na5 10.
a3 Bxc3 11. Qxc3 Qxc3+ 12. bxc3 d5 13. e5 Ne4 14. Bxe4 dxe4 15. Nb3 Nc4 16. Bd4 Bd7 17. Nd2 Nxd2 18. Kxd2 Bc6 19. Ke3 O-O 20. Rhb1 f5 21. a4 Kf7 22. Ra3 Rad8 23. Bc5 Rg8 24.
Rab3 Rd7 25. Rb6 g5 26. fxg5 Rxg5 27. g3 h5 28. Bd6 h4 29. Kf2 hxg3+ 30. hxg3 Rh5 31.
Ke3 Rh2 32. R6b2 Kg6 33. Rg1 Rdh7 34. Kd4 Rd2+ 35. Kc5 Bxa4 36. g4 f4 37. g5 e3 38.
Rb4 f3 39. Rf4 f2 40. Rf6+ Kg7 41. Rg3 e2 42. g6 Rd5+ 43. Kb4 Rh4+ 0-1

[Event "*** SCC Grand Prix: Titled Tuesday Blitz"]
[Site "Chess.com"]
[Date "2020.07.21"]
[Round "3"]
[White "chito89"]
[Black "Omk124"]
[Result "1-0"]
[WhiteElo "2768"]
[BlackElo "2344"]
[TimeControl "180+1"]
[EndTime "10:27:55 PDT"]
[Termination "chito89 won by checkmate"]

1. d4 Nf6 2. Nf3 g6 3. g3 Bg7 4. Bg2 O-O 5. O-O d5 6. b3 c5 7. Bb2 Nc6 8. e3 b6 9. Nbd2 Bb7 10. c4 e6 11. Rc1 Rc8 12. Qe2 cxd4 13. Nxd4 dxc4 14. Nxc4 Nxd4 15. Bxd4 Bxg2 16. Kxg2 Qd5+ 17. f3 Rfd8 18. Rfd1 Qb5 19. Qb2 Ne8 20. Bxg7 Nxg7 21.
Qe5 Qxe5 22. Nxe5 Nf5 23. Rxd8+ Rxd8 24. e4 Rd2+ 25. Kh3 Ne3 26. Rc8+ Kg7 27. Rc7 h5 28.
Rxf7+ Kg8 29. Rf6 Nf1 30. Rxg6+ Kh7 31. Kh4 Nxh2 32. Kg5 Rxa2 33. Rxe6 Ra5 34. Re7+ Kg8 35. Kf6 Rc5 36. Re8+ Kh7 37. f4 Ng4+ 38. Nxg4 hxg4 39. e5 Rc3 40. e6 Rxg3 41. Re7+ Kh6 42. Rxa7 Re3 43. Ra8 Kh7 44. e7 g3 45. e8=Q Rxe8 46. Rxe8 g2 47. Re1 Kh6 48. Rg1 Kh5 49. Rxg2 Kh6 50. Rg5 b5 51. Rxb5 Kh7 52. Rh5+ Kg8 53. Rh4 Kf8 54. Rh8# 1-0

[Event "*** SCC Grand Prix: Titled Tuesday Blitz"]
[Site "Chess.com"]
[Date "2020.07.21"]
[Round "3"]
[White "RaunakSadhwani2005"]
[Black "124chess"]
[Result "1-0"]
[WhiteElo "2996"]
[BlackElo "2681"]
[TimeControl "180+1"]
[EndTime "10:27:57 PDT"]
[Termination "RaunakSadhwani2005 won on time"]

1. d4 d6 2. e4 Nf6 3. Nc3 e5 4. Nf3 Nbd7 5. Bc4 Be7 6. O-O O-O 7. a4 c6 8. Ba2 a5 9. Qe2 Qc7 10. Rd1 h6 11. h3 Re8 12. Qc4 Rf8 13. Be3 exd4 14.
Nxd4 Ne5 15. Qe2 Re8 16. f4 Ng6 17. Qf3 Bf8 18. Qg3 Nxe4 19. Nxe4 Rxe4 20. f5 Nh4 21.
f6 g6 22. Re1 Kh7 23. Bxh6 Rxd4 24. Bxf8 Be6 25. Bxe6 fxe6 26. Rxe6 Nf5 27. Re7+ Nxe7 28. fxe7 Re4 29. Rf1 Re8 30. Rf7+ Kh8 31. Qxg6 Re1+ 32. Kf2 Qb6+ 33. Kxe1 Qe3+ 34. Kd1 Qg1+ 35. Ke2 1-0

[Event "*** SCC Grand Prix: Titled Tuesday Blitz"]
[Site "Chess.com"]
[Date "2020.07.21"]
[Round "3"]
[White "monalize"]
[Black "ChristianAlm"]
[Result "0-1"]
[WhiteElo "2279"]
[BlackElo "2524"]
[TimeControl "180+1"]
[EndTime "10:27:57 PDT"]
[Termination "ChristianAlm won on time"]

1. e4 e6 2. d4 d5 3. Nd2 Nc6 4. Ngf3 Nf6 5. e5 Nd7 6. c3 f6 7.
Bb5 fxe5 8. dxe5 Bc5 9. Nb3 Bb6 10. a4 a6 11. Bxc6 bxc6 12. a5 Ba7 13. O-O O-O 14. Qe2 c5 15. Be3 Rb8 16. Nc1 Qe8 17. Nd3 Bb7 18.
b4 d4 19. cxd4 Rxf3 20. gxf3 Qg6+ 21. Kh1 Qh5 22. Ne1 Rf8 23. Qc4 Rxf3 24. Qxe6+ Kf8 25. d5 Nxe5 26. Bxc5+ Bxc5 27. bxc5 Rf6 28. c6 Rxe6 29. cxb7 Re8 30. Rb1 Ng4 31. Nf3 Qxd5 32. Kg2 Ne5 0-1

[Event "*** SCC Grand Prix: Titled Tuesday Blitz"]
[Site "Chess.com"]
[Date "2020.07.21"]
[Round "3"]
[White "kobemagic"]
[Black "m-garcett"]
[Result "1-0"]
[WhiteElo "2319"]
[BlackElo "2053"]
[TimeControl "180+1"]
[EndTime "10:27:57 PDT"]
[Termination "kobemagic won on time"]

1. d4 Nf6 2. Nf3 e6 3. b3 d5 4.
Bb2 b6 5. e3 Bb7 6. c4 Nbd7 7.
Nbd2 Bd6 8. Rc1 c5 9. cxd5 exd5 10. Be2 O-O 11. O-O Qe7 12. a3 Rfd8 13. Bd3 Rac8 14. Bb1 Ne4 15. dxc5 bxc5 16. Nxe4 dxe4 17.
Nd2 Nf6 18. Qe2 h5 19. Nc4 Bb8 20. Rfd1 Ng4 21. h3 Qh4 22. Qf1 Nh2 23. g3 Nf3+ 24. Kg2 Qg5 25. Rxd8+ Rxd8 26. Rd1 Rxd1 27. Qxd1 h4 28.
Qd7 hxg3 29. Qg4 Qxg4 30. hxg4 gxf2 31. Kxf2 Ng5 32. Ke2 f6 33. Na5 Ba6+ 34. Kf2 Bc8 35. Nc6 Bc7 36. Ne7+ 1-0

[Event "*** SCC Grand Prix: Titled Tuesday Blitz"]
[Site "Chess.com"]
[Date "2020.07.21"]
[Round "3"]
[White "GOGIEFF"]
[Black "AlexTriapishko"]
[Result "1/2-1/2"]
[WhiteElo "2895"]
[BlackElo "2635"]
[TimeControl "180+1"]
[EndTime "10:27:58 PDT"]
[Termination "Game drawn - insufficient material"]

1. d4 Nf6 2. c4 g6 3. Nc3 d5 4. Nf3 Bg7 5. cxd5 Nxd5 6. Bd2 O-O 7. Rc1 Nb6 8. Bg5 h6 9. Bf4 Nc6 10. e3 Be6 11. Be2 Nd5 12. Nxd5 Bxd5 13. a3 Bxf3 14.
Bxf3 e5 15. dxe5 Nxe5 16. Be2 Qxd1+ 17. Kxd1 g5 18. Bg3 f5 19. Kc2 f4 20. exf4 gxf4 21. Bh4 Ng6 22. g3 Nxh4 23. gxh4 f3 24. Bc4+ Kh8 25.
Rcd1 Rf4 26. Bb3 Bd4 27. Rd2 c5 28. Re1 Raf8 29. Re7 b5 30. Bd5 Rxh4 31. Rxa7 Rxh2 32. Ra8 Rxa8 33. Bxa8 Rxf2 34. Rxf2 Bxf2 35. Bxf3 Be1 36. b4 cxb4 37. axb4 Bxb4 38. Bc6 Bd6 39. Bxb5 h5 40.
Be2 h4 41. Bg4 h3 42. Bxh3 1/2-1/2